[Event "Late-Titled-Tuesday-Blitz-July-09-2024"]
[Site "Chess.com"]
[Date "2024.07.09"]
[Round "4"]
[White "malakismayil"]
[Black "Sanyura"]
[Result "1-0"]
[WhiteElo "2534"]
[BlackElo "2677"]
[TimeControl "180+1"]
[EndTime "14:37:04 PDT"]
[Termination "malakismayil won on time"]

1. e4 c6 2. d4 d5 3. Nc3 dxe4 4. Nxe4 Nf6 5. Nxf6+ exf6 6. c3 Bd6 7. Bd3 O-O 8. Ne2 Re8 9. Qc2 h5 10. Be3 Nd7 11.
O-O-O Nf8 12. c4 Be6 13. Kb1 b5 14. d5 cxd5 15. c5 Be5 16. Bxb5 Re7 17. f4 Bxb2 18. Kxb2 Rb8 19. Nd4 Bd7 20. c6 Be8 21. Ka1 a6 22. Bd3 Qd6 23. Nf5 1-0

[Event "Late-Titled-Tuesday-Blitz-July-09-2024"]
[Site "Chess.com"]
[Date "2024.07.09"]
[Round "4"]
[White "FollowRivers"]
[Black "Ganziitoo"]
[Result "1-0"]
[WhiteElo "2491"]
[BlackElo "2308"]
[TimeControl "180+1"]
[EndTime "14:37:04 PDT"]
[Termination "FollowRivers won by resignation"]

1. d4 d5 2. c4 e6 3. Nc3 Nf6 4. Nf3 Be7 5. e3 O-O 6. Bd3 b6 7.
O-O Bb7 8. Qe2 c5 9. Rd1 Nc6 10. dxc5 bxc5 11. b3 Re8 12. Bb2 Qc7 13. cxd5 exd5 14.
Rac1 Rad8 15. Na4 Nb4 16. Bxf6 Bxf6 17. Nxc5 Nxd3 18. Qxd3 Ba8 19. Ne6 Qd7 20. Nxd8 Qxd8 21. Nd4 h5 22. Qa6 Qd7 23. Rc2 h4 24. h3 Be5 25. Nf3 Bf6 26. Rdc1 d4 27. Nxd4 Bxd4 28. exd4 Qd5 29. Qf1 Qf5 30. Rc5 Qd7 31. d5 1-0

[Event "Late-Titled-Tuesday-Blitz-July-09-2024"]
[Site "Chess.com"]
[Date "2024.07.09"]
[Round "4"]
[White "Bugcrusher"]
[Black "Os55555"]
[Result "1-0"]
[WhiteElo "2478"]
[BlackElo "2310"]
[TimeControl "180+1"]
[EndTime "14:37:05 PDT"]
[Termination "Bugcrusher won by resignation"]

1. e4 e5 2. Nf3 Nc6 3. Bb5 a6 4. Ba4 Nf6 5. Qe2 d6 6. c3 Bg4 7.
h3 Bh5 8. d3 Be7 9. Nbd2 O-O 10. Nf1 b5 11. Bb3 d5 12. g4 dxe4 13. dxe4 Bg6 14.
Ng3 Na5 15. Bc2 Nc4 16. Nf5 Bd6 17. h4 Nxg4 18. Rg1 h5 19. Ng5 Qd7 20. Rxg4 hxg4 21. Qxg4 Bxf5 22. exf5 e4 23. Bxe4 f6 24. Bd5+ Rf7 25.
Bxf7+ Kf8 26. Be6 Qe7 27. Qh5 1-0

[Event "Late-Titled-Tuesday-Blitz-July-09-2024"]
[Site "Chess.com"]
[Date "2024.07.09"]
[Round "4"]
[White "SharathRk6"]
[Black "carloseduar100"]
[Result "0-1"]
[WhiteElo "2435"]
[BlackElo "2275"]
[TimeControl "180+1"]
[EndTime "14:37:08 PDT"]
[Termination "carloseduar100 won by resignation"]

1. e4 e6 2. d4 d5 3. e5 c5 4.
c3 Nc6 5. Nf3 Qb6 6. Be2 Bd7 7.
O-O f6 8. a4 cxd4 9. cxd4 fxe5 10. Nxe5 Nxe5 11. dxe5 g6 12. Nc3 Bg7 13. a5 Qc5 14.
Be3 Qb4 15. Bd4 Ne7 16. a6 Nc6 17. axb7 Qxb7 18. Na4 Nxd4 19. Qxd4 O-O 20. Nc5 Qc7 21. Nxd7 Qxd7 22. Ra6 Rf5 23. f4 g5 24. Bg4 Raf8 25. Bxf5 Rxf5 26. Rxa7 Qb5 27. Ra8+ Kf7 28. Ra7+ Kg6 29.
Re7 Bxe5 30. Rxe6+ Bf6 31. Qb6 Qd3 32. Qe3 Qxe3+ 33.
Rxe3 Bd4 34. Rf3 gxf4 35. Kf1 fxe3 36. Rxf5 Kxf5 37. Ke2 Ke4 38. b4 Bc3 39. b5 d4 40.
b6 d3+ 0-1

[Event "Late-Titled-Tuesday-Blitz-July-09-2024"]
[Site "Chess.com"]
[Date "2024.07.09"]
[Round "4"]
[White "Vaporwaffle94"]
[Black "AlphaPerseii"]
[Result "1-0"]
[WhiteElo "2284"]
[BlackElo "2381"]
[TimeControl "180+1"]
[EndTime "14:37:09 PDT"]
[Termination "Vaporwaffle94 won by resignation"]

1. e4 e6 2. d4 d5 3. exd5 exd5 4. Bd3 c6 5. Qf3 Bd6 6. h3 Be6 7. Bf4 Ne7 8. Bxd6 Qxd6 9. c3 Nd7 10. Nd2 a5 11.
Ne2 a4 12. a3 O-O 13. Qf4 Nc8 14. O-O Qxf4 15. Nxf4 Nd6 16. Rfe1 Rae8 17. Re3 Re7 18. Rae1 Rfe8 19. Nf3 h6 20. Ne5 Nf8 21. Bc2 Bc8 22.
Bxa4 f6 23. Ng4 Rxe3 24. Nxe3 Nc4 25. Re2 Nxe3 26. fxe3 Bf5 27. Kf2 g5 28. Nh5 Kf7 29. Ng3 Bd3 30. Rd2 Be4 31. Nxe4 Rxe4 32. Bc2 Re7 33.
Re2 Ne6 34. e4 Nf4 35. Re3 dxe4 36. Rxe4 Rxe4 37. Bxe4 Ke6 38. Ke3 f5 39. Bf3 Ng6 40. c4 Ne7 41. b4 f4+ 42. Ke4 Nf5 43. Bg4 1-0

[Event "Late-Titled-Tuesday-Blitz-July-09-2024"]
[Site "Chess.com"]
[Date "2024.07.09"]
[Round "4"]
[White "Slovineanu"]
[Black "duone"]
[Result "1-0"]
[WhiteElo "2531"]
[BlackElo "2316"]
[TimeControl "180+1"]
[EndTime "14:37:12 PDT"]
[Termination "Slovineanu won by resignation"]

1. d4 Nf6 2. Nf3 g6 3. Nbd2 Bg7 4. e4 d6 5. Bb5+ c6 6. Bd3 Nbd7 7. O-O e5 8. dxe5 dxe5 9. a4 O-O 10.
b4 a5 11. bxa5 Qxa5 12. Nc4 Qc7 13. Ba3 c5 14. a5 Nh5 15. g3 Rd8 16. Qe2 Nf8 17. Bb2 f6 18. Nb6 Rb8 19. Bc4+ Be6 20.
Nd2 Qf7 21. Bc3 Bh6 22. Bxe6 Nxe6 23. Nd5 Nd4 24. Bxd4 cxd4 25. Nc4 Rxd5 26. exd5 Qxd5 27. Nb6 Qc6 28. Qc4+ Qxc4 29. Nxc4 Rc8 30. Nd6 Rc7 31. Rfb1 Rxc2 32. Nxb7 e4 33. a6 Rc8 34. a7 Ra8 35.
Nc5 Rxa7 36. Rxa7 e3 37. Rb8+ Bf8 38. Ne6 exf2+ 39. Kxf2 1-0

[Event "Late-Titled-Tuesday-Blitz-July-09-2024"]
[Site "Chess.com"]
[Date "2024.07.09"]
[Round "4"]
[White "Marks1420"]
[Black "ivanquiroga"]
[Result "0-1"]
[WhiteElo "2532"]
[BlackElo "2396"]
[TimeControl "180+1"]
[EndTime "14:37:15 PDT"]
[Termination "ivanquiroga won by resignation"]

1. e4 e5 2. Nc3 Nc6 3. Bc4 d6 4. d3 Na5 5. Bb3 Nxb3 6. axb3 g6 7. f4 Bg7 8. Nf3 Ne7 9. O-O O-O 10. Be3 h6 11. d4 exf4 12. Bxf4 f5 13. e5 g5 14. Bd2 dxe5 15. dxe5 Ng6 16. Qe2 Re8 17. Rad1 Qe7 18. Nd5 Qf7 19. Bc3 c6 20. Nb4 g4 21.
Nd4 Bxe5 22. Qd3 Nf4 23. Rxf4 Bxf4 24. Rf1 Be3+ 25. Kh1 f4 26. Ne2 Bf5 27. Qc4 Qxc4 28. bxc4 f3 29. Ng3 fxg2+ 30. Kxg2 Bg6 31. Nd3 Rf8 32.
Re1 Bxd3 33. Rxe3 Bxc4 34. Re4 Bd5 0-1

[Event "Late-Titled-Tuesday-Blitz-July-09-2024"]
[Site "Chess.com"]
[Date "2024.07.09"]
[Round "4"]
[White "axlbvRR"]
[Black "RantomOpening"]
[Result "0-1"]
[WhiteElo "1950"]
[BlackElo "2578"]
[TimeControl "180+1"]
[EndTime "14:37:16 PDT"]
[Termination "RantomOpening won on time"]

1. d4 d6 2. Nf3 Nf6 3. Bf4 g6 4. e3 Bg7 5. Nc3 O-O 6. Be2 Re8 7. Bg3 c6 8. O-O Nbd7 9. e4 e5 10. dxe5 dxe5 11. Bc4 Nh5 12. Bh4 Bf6 13. Bxf6 Qxf6 14. Ne2 Nb6 15. Bb3 Bg4 16. Ng3 Rad8 17. Nxh5 Bxh5 18.
Qe2 Bxf3 19. Qxf3 Qxf3 20. gxf3 Nd7 21. Rad1 Nc5 22. Rfe1 Kf8 23. Kf1 Ke7 24. Ke2 a5 25. c3 Ne6 26. Bxe6 Kxe6 27. Rd3 Rxd3 28. Kxd3 Rd8+ 29.
Ke2 h5 30. Ke3 g5 31. Rg1 f6 32. Rc1 c5 33. b3 b5 34. Re1 c4 35. Rb1 Rd3+ 36.
Ke2 Rxc3 37. bxc4 Rxc4 38. Rxb5 Rc2+ 39. Ke3 Rxa2 40. Rb6+ Kf7 41. Ra6 a4 42. Ra7+ Kg6 43. Ra6 a3 44. Ra4 Ra1 45. Ke2 a2 46. Ra8 g4 47. fxg4 hxg4 48. Rg8+ Kf7 49. Ra8 Kg6 50. Ra6 Kg5 51. Ra5 Kf4 52. Ra4 f5 53.
exf5+ Kxf5 54. Ra5 Kf4 55. Ra4+ e4 56. Ra5 e3 57.
fxe3+ Ke4 58. Ra4+ Kf5 59. Ra3 Rh1 60. Ra4 a1=R 61. Rxa1 Rxa1 62. Kd3 Ra2 0-1

[Event "Late-Titled-Tuesday-Blitz-July-09-2024"]
[Site "Chess.com"]
[Date "2024.07.09"]
[Round "4"]
[White "Oleg_Papayan"]
[Black "fugadelafuga"]
[Result "0-1"]
[WhiteElo "2597"]
[BlackElo "2441"]
[TimeControl "180+1"]
[EndTime "14:37:18 PDT"]
[Termination "fugadelafuga won by resignation"]

1. d4 Nf6 2. Nc3 d5 3. Bf4 a6 4. e3 c5 5. dxc5 e6 6. b4 b6 7. a4 bxc5 8. b5 c4 9. Nge2 Bb4 10. f3 Qa5 11. Qd4 axb5 12. Bxb8 Rxb8 13. Kf2 Bd7 14. Nxb5 Bxb5 15. axb5 Qxb5 16. Nc3 Bxc3 17. Qxc3 O-O 18. Be2 Qb2 19. Ra3 h6 20. g4 e5 21. h3 Rfd8 22.
Rd1 d4 23. exd4 exd4 24. Qxc4 Qxa3 0-1

[Event "Late-Titled-Tuesday-Blitz-July-09-2024"]
[Site "Chess.com"]
[Date "2024.07.09"]
[Round "4"]
[White "AlexZambrano"]
[Black "korkmaz16"]
[Result "1-0"]
[WhiteElo "2330"]
[BlackElo "2484"]
[TimeControl "180+1"]
[EndTime "14:37:20 PDT"]
[Termination "AlexZambrano won by checkmate"]

1. e4 e5 2. Nf3 Nc6 3. Nc3 Nf6 4.
Bb5 Nd4 5. O-O Nxb5 6. Nxb5 d6 7.
d4 a6 8. dxe5 axb5 9. exf6 Qxf6 10. e5 Qg6 11. Re1 Be6 12. Ng5 O-O-O 13. Qe2 Bc4 14.
Qe3 dxe5 15. a4 b4 16. Qa7 Bd5 17. Rd1 c6 18. Be3 h6 19. Bb6 Qxg5 20. Qa8+ Kd7 21.
Rxd5+ cxd5 22. Qxb7+ Ke8 23. Qc6+ Rd7 24. f4 Qxf4 25.
Qc8+ Ke7 26. Rf1 Qg4 27. Bc5+ Ke6 28. Qe8+ Be7 29. Qxf7# 1-0

[Event "Late-Titled-Tuesday-Blitz-July-09-2024"]
[Site "Chess.com"]
[Date "2024.07.09"]
[Round "4"]
[White "schachlana"]
[Black "10n0l20"]
[Result "1-0"]
[WhiteElo "2351"]
[BlackElo "2483"]
[TimeControl "180+1"]
[EndTime "14:37:21 PDT"]
[Termination "schachlana won by resignation"]

1. e4 c6 2. d4 d5 3. Nd2 dxe4 4. Nxe4 Nd7 5. Nf3 Ngf6 6. Nxf6+ Nxf6 7. Bd3 e6 8. O-O Be7 9. c3 O-O 10. Re1 b6 11. h3 Bb7 12. Bf4 c5 13. Ne5 cxd4 14. cxd4 g6 15. Bc4 Rc8 16. Nxf7 Rxf7 17. Bxe6 Kg7 18. Qe2 Bd6 19. Bg5 Rcc7 20. Bxf7 Rxf7 21. Qe6 Bd5 22. Qe3 Qa8 23. f3 Nh5 24. Bh6+ Kg8 25.
Qe8+ Qxe8 26. Rxe8+ Bf8 27. Rc1 Nf6 28. Rd8 Be6 29.
Rc7 Nd7 30. d5 1-0

[Event "Late-Titled-Tuesday-Blitz-July-09-2024"]
[Site "Chess.com"]
[Date "2024.07.09"]
[Round "4"]
[White "mbojan"]
[Black "vellottiwizard"]
[Result "0-1"]
[WhiteElo "2914"]
[BlackElo "2724"]
[TimeControl "180+1"]
[EndTime "14:37:22 PDT"]
[Termination "vellottiwizard won by resignation"]

1. d4 Nf6 2. Nd2 d5 3. Ngf3 c5 4. dxc5 Nc6 5. e3 Bg4 6. h3 Bh5 7. g4 Bg6 8. Bb5 Qa5 9. a4 a6 10. Bxc6+ bxc6 11. Ne5 Qxc5 12. Nb3 Qd6 13. Nxg6 hxg6 14.
Nd4 e5 15. Nb3 Be7 16. Qf3 Rb8 17. Bd2 c5 18. Rb1 c4 19. Nc1 Qc6 20. O-O Ne4 21. Rd1 Ng5 22. Qg2 Rxh3 23. Ne2 Qf6 24. f4 Nf3+ 25.
Kf1 Qh4 0-1

[Event "Late-Titled-Tuesday-Blitz-July-09-2024"]
[Site "Chess.com"]
[Date "2024.07.09"]
[Round "4"]
[White "ACollins05"]
[Black "Robert_Oros"]
[Result "1-0"]
[WhiteElo "2488"]
[BlackElo "2316"]
[TimeControl "180+1"]
[EndTime "14:37:24 PDT"]
[Termination "ACollins05 won on time"]

1. d4 e6 2. c4 Nf6 3. Nf3 Bb4+ 4. Nbd2 d5 5. g3 O-O 6. Bg2 c5 7. O-O cxd4 8. Nxd4 Nc6 9. Nxc6 bxc6 10. b3 a5 11. Bb2 a4 12. e4 a3 13. Bxf6 Qxf6 14. exd5 cxd5 15. cxd5 exd5 16. Bxd5 Ra5 17. Nc4 Rc5 18. Qf3 Qh6 19. Rfd1 Bh3 20. Ne5 Be6 21. Bxe6 fxe6 22. Qe4 Bc3 23. Nd7 Bxa1 24. Nxc5 Bf6 25. Qxe6+ Kh8 26. Nd7 Qh5 27. Re1 1-0

[Event "Late-Titled-Tuesday-Blitz-July-09-2024"]
[Site "Chess.com"]
[Date "2024.07.09"]
[Round "4"]
[White "ValeriyGrinev"]
[Black "betta2004"]
[Result "1-0"]
[WhiteElo "2681"]
[BlackElo "2512"]
[TimeControl "180+1"]
[EndTime "14:37:26 PDT"]
[Termination "ValeriyGrinev won by resignation"]

1. d4 Nf6 2. c4 e6 3. Nf3 d5 4. e3 Be7 5. Nbd2 O-O 6. Bd3 b6 7. O-O Bb7 8. Qe2 Ne4 9. b3 f5 10. Bb2 Nd7 11. Rac1 Bf6 12. cxd5 exd5 13. Ba6 Qc8 14. Bxb7 Qxb7 15. Rc2 Rac8 16. Rfc1 c5 17. Nf1 Rfe8 18. Ng3 g6 19. dxc5 bxc5 20. Bxf6 Ndxf6 21. Qd3 Qe7 22. Ne2 g5 23. Ng3 Qe6 24. b4 f4 25.
exf4 gxf4 26. Ne2 cxb4 27. Nxf4 Rxc2 28. Rxc2 Qf5 29. g3 Rd8 30. Nd4 Qe5 31. Nc6 Qa1+ 32.
Kg2 Rd6 33. Ne7+ Kg7 34. Nf5+ Kf8 35. Nxd6 Nxd6 36. Nxd5 Nfe4 37. Qf3+ Ke8 38. Re2 Kd7 39. Rxe4 Nxe4 40. Qxe4 Qxa2 41. Qe7+ Kc6 42. Nxb4+ 1-0

[Event "Late-Titled-Tuesday-Blitz-July-09-2024"]
[Site "Chess.com"]
[Date "2024.07.09"]
[Round "4"]
[White "Rud_Makarian"]
[Black "hellokostya"]
[Result "1-0"]
[WhiteElo "2983"]
[BlackElo "2630"]
[TimeControl "180+1"]
[EndTime "14:37:29 PDT"]
[Termination "Rud_Makarian won by resignation"]

1. d4 Nf6 2. Nf3 g6 3. c4 Bg7 4. Nc3 d6 5. e4 O-O 6. Be2 Na6 7. O-O e5 8. Be3 Qe7 9. Nd5 Qd8 10. dxe5 dxe5 11.
Qc2 c6 12. Nxf6+ Bxf6 13. Rfd1 Qe7 14. h3 Nc5 15. Rd2 a5 16. Rad1 Be6 17. Rd6 Nd7 18.
Qd2 Rfd8 19. Bg5 Re8 20. Rxd7 Bxd7 21. Bxf6 Qxf6 22. Qxd7 Rad8 23. Qxb7 Rxd1+ 24. Bxd1 Qd6 25. Ba4 Rb8 26. Qxc6 Qd3 27. Bb3 Qb1+ 28. Kh2 Qxb2 29. c5 Qxf2 30. Bxf7+ Kg7 31. Qc7 Rb2 32. Bxg6+ Kxg6 33. Nxe5+ Kh5 34. Qxh7+ Kg5 35. Qg6+ Kf4 36. Nd3+ 1-0

[Event "Late-Titled-Tuesday-Blitz-July-09-2024"]
[Site "Chess.com"]
[Date "2024.07.09"]
[Round "4"]
[White "Stanbad1"]
[Black "Charodej1"]
[Result "1/2-1/2"]
[WhiteElo "2628"]
[BlackElo "2396"]
[TimeControl "180+1"]
[EndTime "14:37:30 PDT"]
[Termination "Game drawn by agreement"]

1. d4 Nf6 2. Nc3 d5 3. Bf4 a6 4. e3 Nbd7 5. Nf3 c5 6. dxc5 Nxc5 7. Be2 e6 8. O-O Be7 9. Re1 O-O 10. Ne5 Nfe4 11. Nxe4 Nxe4 12. c4 f6 13. Nf3 e5 14.
Bg3 Be6 15. cxd5 Qxd5 16. Qxd5 Bxd5 17. Red1 Bc6 18. Nd2 Nxg3 19. hxg3 Rfd8 20. Nc4 Rxd1+ 21. Rxd1 Rd8 22. Rc1 Bb5 23. Rc2 Rc8 24. b3 Kf8 25. e4 Bd7 26. Rd2 Be6 27. f3 Ke8 28. Kh2 Rd8 29. Rc2 Rc8 30. Rd2 Rd8 31. Rb2 Bc5 32.
a4 Rd7 33. b4 Bd4 34. Rc2 Ke7 35. b5 axb5 36. axb5 b6 37. Rd2 Rc7 38. Rc2 g6 39. Bd3 f5 40. exf5 gxf5 41. Ne3 Rxc2 42. Nxc2 Bc5 43.
g4 fxg4 44. Bxh7 gxf3 45. gxf3 Kf6 46. Bd3 Bb3 47. Kg3 Bxc2 48. Bxc2 Bd4 49. Be4 Bc5 50.
f4 exf4+ 51. Kxf4 Bd4 52. Bc6 Bc5 1/2-1/2

[Event "Late-Titled-Tuesday-Blitz-July-09-2024"]
[Site "Chess.com"]
[Date "2024.07.09"]
[Round "4"]
[White "mbachez"]
[Black "Zhigalko_Sergei"]
[Result "0-1"]
[WhiteElo "2613"]
[BlackElo "2919"]
[TimeControl "180+1"]
[EndTime "14:37:32 PDT"]
[Termination "Zhigalko_Sergei won by resignation"]

1. e4 c5 2. Nf3 Nc6 3. Bb5 Nf6 4. e5 Nd5 5. Nc3 Nc7 6. a4 g6 7. O-O Bg7 8. Re1 O-O 9. d3 Nd4 10. Bg5 b6 11. Nxd4 cxd4 12. Ne4 Bxe5 13. f4 Bg7 14. f5 gxf5 15. Ng3 Ne6 16. Bh4 Kh8 17. Nxf5 Bf6 18.
Bxf6+ exf6 19. Qh5 Rg8 20. Nh6 Qf8 21. Nxf7+ Kg7 22.
Nd6 Qxd6 23. Re4 Kh8 24. Rh4 Qe7 25. Rf1 Bb7 26. g3 Rg7 27. Bxd7 Qxd7 28. Rxf6 Ng5 29. Rhf4 Nh3+ 30. Kf1 Nxf4 31. Rxf4 Rag8 0-1

[Event "Late-Titled-Tuesday-Blitz-July-09-2024"]
[Site "Chess.com"]
[Date "2024.07.09"]
[Round "4"]
[White "Gzucaritas"]
[Black "Hirna2005"]
[Result "0-1"]
[WhiteElo "2066"]
[BlackElo "2416"]
[TimeControl "180+1"]
[EndTime "14:37:34 PDT"]
[Termination "Hirna2005 won by resignation"]

1. e4 g6 2. d4 Bg7 3. Nc3 d6 4. f4 a6 5. Nf3 b5 6. Be3 Bb7 7.
Be2 Nd7 8. O-O Ngf6 9. e5 Ng4 10. Bd2 c5 11. h3 Nh6 12. d5 Nf5 13. Bd3 dxe5 14.
Bxf5 gxf5 15. fxe5 Nxe5 16. Nxe5 Bxe5 17. Rxf5 Bd4+ 18.
Kh1 Qd7 19. Qf3 Rf8 20. Bh6 Rg8 21. Rxf7 O-O-O 22. Qf5 Bxc3 23. bxc3 Bxd5 24. Qxd7+ Rxd7 25. Rf2 Rg6 26. Be3 c4 27. a4 Rg3 28. Bd4 Rxh3+ 29. Kg1 Rh5 30. axb5 axb5 31. Rf8+ Rd8 32. Ra8+ Bxa8 33.
Rxd8+ Kxd8 34. Bb6+ Kd7 35. Bc5 Rg5 36. Bb4 Rxg2+ 37.
Kf1 Rxc2 0-1

[Event "Late-Titled-Tuesday-Blitz-July-09-2024"]
[Site "Chess.com"]
[Date "2024.07.09"]
[Round "4"]
[White "giomar27"]
[Black "PawnEatingZombie"]
[Result "1-0"]
[WhiteElo "2430"]
[BlackElo "2274"]
[TimeControl "180+1"]
[EndTime "14:37:37 PDT"]
[Termination "giomar27 won by resignation"]

1. d4 e6 2. Nc3 d5 3. Bf4 Nf6 4.
e3 a6 5. g4 Bd6 6. Qf3 O-O 7. g5 Ne8 8. Bd3 Bxf4 9. Qxf4 Nd6 10. h4 Nc6 11. h5 Ne7 12. Nf3 Nef5 13. Ne5 f6 14. gxf6 Qxf6 15. O-O-O Nh6 16. Qxf6 gxf6 17. Rdg1+ Kh8 18. Nf3 Bd7 19. Nd2 Rg8 20. f3 Nhf5 21.
Nd1 Bb5 22. Bxb5 axb5 23. a3 c6 24. c3 Ng3 25. Rh2 Ne2+ 26. Rxe2 Rxg1 27. e4 dxe4 28.
fxe4 e5 29. Rf2 Kg7 30. Kc2 exd4 31. cxd4 Re8 32. Rf4 Re1 33. Nf2 Re2 34. Kd3 Re1 35. h6+ Kxh6 36. Rxf6+ Kg5 37. Rxd6 Rg1 38. Nh3+ 1-0

[Event "Late-Titled-Tuesday-Blitz-July-09-2024"]
[Site "Chess.com"]
[Date "2024.07.09"]
[Round "4"]
[White "SuanTiltado"]
[Black "PNEPaul"]
[Result "1-0"]
[WhiteElo "2365"]
[BlackElo "1888"]
[TimeControl "180+1"]
[EndTime "14:37:39 PDT"]
[Termination "SuanTiltado won on time"]

1. d4 a6 2. e4 d6 3. Nf3 g6 4.
Bd3 h6 5. O-O Bg7 6. c3 Nd7 7.
Be3 e5 8. Nfd2 Ne7 9. f4 exf4 10. Bxf4 O-O 11. Qe1 Kh7 12. Nf3 f5 13. e5 Nd5 14.
Bg3 dxe5 15. dxe5 Nc5 16. Bc2 Ne6 17. Nbd2 c6 18. Kh1 Bd7 19. Rd1 Qb6 20. Nc4 Qc7 21. Nd6 Ne7 22. h4 Nc8 23. h5 Nxd6 24. exd6 Qa5 25.
Be5 g5 26. Bxg7 Kxg7 27. Ne5 Qd8 28. Bxf5 1-0

[Event "Late-Titled-Tuesday-Blitz-July-09-2024"]
[Site "Chess.com"]
[Date "2024.07.09"]
[Round "4"]
[White "CoachKevinVelazquez"]
[Black "ninjatrick"]
[Result "1-0"]
[WhiteElo "2352"]
[BlackElo "2484"]
[TimeControl "180+1"]
[EndTime "14:37:42 PDT"]
[Termination "CoachKevinVelazquez won by checkmate"]

1. e4 e6 2. d4 d5 3. Nc3 dxe4 4. Nxe4 Nd7 5. Nf3 Ngf6 6. Nxf6+ Nxf6 7. Bd3 Bd6 8. Bg5 O-O 9. Qe2 h6 10. h4 Be7 11.
O-O-O Nd5 12. Bd2 f5 13. g4 fxg4 14. Ne5 Nf4 15. Qxg4 Qxd4 16. Kb1 h5 17. Qg3 Nxd3 18. Nxd3 Qg4 19. Qxc7 Bd8 20. Qd6 Bf6 21. Bc3 Bxc3 22.
bxc3 b6 23. Ne5 Qf5 24. Rhg1 Ba6 25. Rg5 Qf6 26. Rdg1 Rad8 27. Qc7 Rc8 28. Rxg7+ Kh8 29. Rh7# 1-0

[Event "Late-Titled-Tuesday-Blitz-July-09-2024"]
[Site "Chess.com"]
[Date "2024.07.09"]
[Round "4"]
[White "BogdanDeac"]
[Black "Korchmar_Vasiliy"]
[Result "1-0"]
[WhiteElo "2961"]
[BlackElo "2622"]
[TimeControl "180+1"]
[EndTime "14:37:47 PDT"]
[Termination "BogdanDeac won on time"]

1. Nf3 d5 2. g3 g6 3. Bg2 Bg7 4. d4 Nf6 5. O-O O-O 6. Bf4 c6 7. Nbd2 Bf5 8. Nh4 Be6 9. c3 Nbd7 10. Re1 h6 11. Nhf3 g5 12. Be3 Ng4 13. Nf1 Nxe3 14. Nxe3 f5 15. Qb3 Qb6 16. Nc2 Bf7 17. e3 g4 18. Nd2 h5 19. c4 dxc4 20. Qc3 e5 21. Nxc4 Qc7 22. Rad1 Rad8 23. b3 Bf6 24. Qa5 b6 25.
Qa3 h4 26. Qd6 Qxd6 27. Nxd6 Bg6 28. Bxc6 Nb8 29. Bd5+ Kg7 30. dxe5 Bxe5 31. Nc4 hxg3 32. Nxe5 1-0

[Event "Late-Titled-Tuesday-Blitz-July-09-2024"]
[Site "Chess.com"]
[Date "2024.07.09"]
[Round "4"]
[White "ozates"]
[Black "TigrVShlyape"]
[Result "0-1"]
[WhiteElo "2630"]
[BlackElo "2963"]
[TimeControl "180+1"]
[EndTime "14:37:51 PDT"]
[Termination "TigrVShlyape won by resignation"]

1. e4 c5 2. Nf3 e6 3. g3 Nc6 4.
Bg2 Nf6 5. d3 e5 6. c3 Be7 7. O-O O-O 8. Re1 d6 9. h3 Re8 10. d4 h6 11. Na3 Bf8 12. dxe5 dxe5 13. Qe2 a6 14. Nc4 b5 15. Rd1 Qc7 16. Ne3 Be6 17. Nd5 Bxd5 18. exd5 Na5 19. Nh4 Rad8 20. a4 Nb3 21. Rb1 Nxc1 22. Rbxc1 c4 23. axb5 axb5 24.
Rd2 g6 25. Rcd1 Bc5 26. Kh2 e4 27. Re1 e3 28. fxe3 Rxe3 29. Qf2 Rxg3 30. d6 Bxd6 31. Rxd6 Rxg2+ 32. Kxg2 Qxd6 33. Rf1 Kg7 34. Kh1 Qe6 35. Qg2 Rd5 36. Nf3 Rh5 37. Kh2 Ng4+ 38. Kg3 Ne3 39. Nd4 Qe5+ 0-1

[Event "Late-Titled-Tuesday-Blitz-July-09-2024"]
[Site "Chess.com"]
[Date "2024.07.09"]
[Round "4"]
[White "SoCalJuniorChess"]
[Black "toninhojit"]
[Result "0-1"]
[WhiteElo "2268"]
[BlackElo "2494"]
[TimeControl "180+1"]
[EndTime "14:37:51 PDT"]
[Termination "toninhojit won by checkmate"]

1. d4 d5 2. Nc3 c6 3. Bf4 Bf5 4. e3 Nf6 5. f3 h6 6. g4 Bh7 7. Bd3 Bxd3 8. cxd3 e6 9. Nge2 Bd6 10.
Rb1 Qe7 11. Bxd6 Qxd6 12. b4 Nbd7 13. b5 c5 14. dxc5 Qxc5 15. d4 Qd6 16. Qb3 O-O 17. Qb4 Qxb4 18. Rxb4 Rfc8 19. Kd2 Nb6 20. Rc1 Nc4+ 21. Kd3 Ne8 22. e4 Nb6 23. exd5 exd5 24. Nf4 Nf6 25. Re1 Rc7 26. a4 Rac8 27. Rb3 g5 28.
Nfe2 Re8 29. Rb4 Rce7 30. a5 Re3+ 31. Kc2 Nc4 32. b6 a6 33. Kd1 Rd3+ 34. Kc2 Rxf3 35. Na4 Rf2 36. Kd1 Ne3+ 37. Kd2 Ng2 38. Nc5 Nxe1 39.
Nxb7 Rexe2+ 40. Kd1 Nd3 41. Nd6 Re1# 0-1

[Event "Late-Titled-Tuesday-Blitz-July-09-2024"]
[Site "Chess.com"]
[Date "2024.07.09"]
[Round "4"]
[White "Goryachkina"]
[Black "MatthewG-p4p"]
[Result "0-1"]
[WhiteElo "2713"]
[BlackElo "2932"]
[TimeControl "180+1"]
[EndTime "14:37:59 PDT"]
[Termination "MatthewG-p4p won on time"]

1. Nf3 c5 2. g3 g6 3. Bg2 Bg7 4. O-O Nc6 5. c3 e5 6. d4 cxd4 7. cxd4 e4 8. Ng5 d5 9. Nc3 Nge7 10. e3 O-O 11. f3 h6 12. Nh3 f5 13.
Kh1 Kh7 14. Bd2 Be6 15. Rc1 Rc8 16. Na4 b6 17. Qe2 g5 18. Nf2 Qd7 19. b3 Ng6 20. f4 gxf4 21. gxf4 Nh4 22. Rg1 Bf6 23. Nc3 Bf7 24.
Qe1 Qe8 25. Ne2 Rg8 26. Ng3 Rg7 27. Qf1 Qd7 28. Qb5 Be6 29. Rge1 Nxg2 30. Kxg2 h5 31. Kh1 Bf7 32. Rg1 h4 33. Nf1 Bh5 34. h3 Rxg1+ 0-1

[Event "Late-Titled-Tuesday-Blitz-July-09-2024"]
[Site "Chess.com"]
[Date "2024.07.09"]
[Round "4"]
[White "David_George21"]
[Black "Zurability"]
[Result "1-0"]
[WhiteElo "2489"]
[BlackElo "2660"]
[TimeControl "180+1"]
[EndTime "14:38:00 PDT"]
[Termination "David_George21 won by resignation"]

1. e4 c5 2. Nf3 d6 3. d4 cxd4 4. Nxd4 Nf6 5. Nc3 g6 6. Bc4 Bg7 7. Bb3 O-O 8. f3 Nc6 9. Be3 Bd7 10. Qd2 Rc8 11. g4 Ne5 12. h4 h5 13. gxh5 Nxh5 14. O-O-O Kh7 15. f4 Ng4 16. Kb1 Nxe3 17. Qxe3 e5 18.
fxe5 Bxe5 19. Nce2 Bg4 20. Rhg1 Bxe2 21. Qxe2 a5 22.
Nf3 Qf6 23. Nxe5 dxe5 24. Rg5 Nf4 25. Qg4 Rcd8 26. Rh1 Kg7 27. h5 Rh8 28. a4 Rd2 29. Rf5 Rg2 30. Rxf6 Rxg4 31. Rxf7+ Kh6 32. hxg6+ Kxg6 33.
Rxh8 Rg1+ 34. Ka2 Ne2 35. Rg8+ 1-0

[Event "Late-Titled-Tuesday-Blitz-July-09-2024"]
[Site "Chess.com"]
[Date "2024.07.09"]
[Round "4"]
[White "Statham_01"]
[Black "MarkoPe"]
[Result "1-0"]
[WhiteElo "2672"]
[BlackElo "2446"]
[TimeControl "180+1"]
[EndTime "14:38:01 PDT"]
[Termination "Statham_01 won by checkmate"]

1. e4 c6 2. d4 d6 3. f3 Nd7 4. Nc3 Ngf6 5. Be3 g6 6. Qd2 Bg7 7. h4 Qa5 8. Nge2 b5 9. g4 h5 10. g5 Ng8 11. Bh3 e5 12. f4 Ne7 13. O-O b4 14. Nd1 exf4 15. Bxf4 d5 16. Bd6 dxe4 17.
Qf4 Nf5 18. Qxe4+ Kd8 19. Rxf5 Ne5 20. Rxe5 Bxe5 21. Bxe5 Re8 22. Bf6+ Kc7 23. Qxe8 Bxh3 24. Qxa8 Qf5 25. Qxa7+ Kd6 26. Qc5+ Qxc5 27. dxc5+ Kxc5 28.
Be7+ Kb5 29. Nd4+ Kc4 30. Nxc6 Be6 31. Bxb4 Kb5 32. Nd4+ Kxb4 33. Nxe6 fxe6 34. Nc3 Kc4 35. Re1 Kc5 36. Rxe6 Kd4 37. Re4+ Kc5 38. Rf4 Kd6 39. Rc4 Ke5 40. a4 Kf5 41. a5 Ke6 42. a6 Kd6 43. a7 Ke5 44. a8=Q Kf5 45. Qe4# 1-0

[Event "Late-Titled-Tuesday-Blitz-July-09-2024"]
[Site "Chess.com"]
[Date "2024.07.09"]
[Round "4"]
[White "shirovin"]
[Black "Bkmzzzzz"]
[Result "0-1"]
[WhiteElo "2095"]
[BlackElo "2421"]
[TimeControl "180+1"]
[EndTime "14:38:05 PDT"]
[Termination "Bkmzzzzz won on time"]

1. e4 d6 2. d4 Nf6 3. Nc3 e5 4. Nf3 Nbd7 5. g4 Nxg4 6. Rg1 Ngf6 7. Be3 c6 8. Qd2 b5 9. Bd3 Qa5 10. dxe5 Nxe5 11. Nxe5 dxe5 12. a3 Bg4 13. Be2 Rd8 14.
Bxg4 Rxd2 15. Bxd2 Nxg4 16. Rxg4 Qc7 17. O-O-O f6 18.
Ne2 a5 19. f4 b4 20. a4 Bd6 21. Rdg1 g6 22. f5 g5 23. h4 h5 24. R4g2 g4 25. Rd1 c5 26. Ng3 Ke7 27. Be3 Qc6 28. Rgd2 Rd8 29. Nxh5 Qxa4 30. Kb1 b3 31. cxb3 Qxb3 32. Rxd6 Rxd6 0-1